[Event "XLV Badalona Open 2019"]
[Site "Badalona"]
[Date "2019.08.09"]
[Round "8.10"]
[White "Picazo Palacios, Jose Maria"]
[Black "Alonso Gomez, Raul"]
[Result "1/2-1/2"]
[ECO "A40"]
[WhiteElo "1604"]
[BlackElo "1879"]
[Annotator "NA"]
[PlyCount "72"]
[EventDate "2019.08.02"]
[EventType "swiss"]
[EventCountry "ESP"]
[SourceTitle "playchess.com"]
[Source "ChessBase"]
[SourceQuality "1"]
[TimeControl "5400+30"]

1. d4 g6 2. c4 Bg7 3. Nc3 f5 4. g3 Nf6 5. Bg2 d6 6. Nh3 O-O 7. O-O e5 8. dxe5 dxe5 9. Qb3 c6 10. c5+ Kh8 11. Rd1 Qe7 12. Rd6 Na6 13. Be3 f4 14. gxf4 Bxh3 15. Bxh3 exf4 16. Bd4 Rad8 17. Rd1 Nd5 18. Nxd5 Qg5+ 19. Kf1 Bxd4 20. Rxd4 Rxd6 21. cxd6 Qe5 22. Re4 Qxe4 23. Qc3+ Kg8 24. Nf6+ Rxf6 25. f3 Qb1+ 26. Kf2 Rxd6 27. Qe5 Rd5 28. Be6+ Kf8 29. Qf6+ Ke8 30. Qf7+ Kd8 31. Qxb7 Rd1 32. Bh3 Qc1 33. Qc8+ Ke7 34. Qe6+ Kf8 35. Qf6+ Ke8 36. Qe6+ Kd8 1/2-1/2

[Event "XLV Badalona Open 2019"]
[Site "Badalona"]
[Date "2019.08.10"]
[Round "9.1"]
[White "Rojas Keim, Luis"]
[Black "Hernandez, Cristian Andres"]
[Result "0-1"]
[ECO "B31"]
[WhiteElo "2338"]
[BlackElo "2355"]
[Annotator "NA"]
[PlyCount "92"]
[EventDate "2019.08.02"]
[EventType "swiss"]
[EventCountry "ESP"]
[SourceTitle "playchess.com"]
[Source "ChessBase"]
[SourceQuality "1"]
[TimeControl "5400+30"]

1. e4 c5 2. Nf3 Nc6 3. Bb5 g6 4. Bxc6 dxc6 5. d3 Bg7 6. Nc3 Nf6 7. Be3 Nd7 8. Qd2 h6 9. O-O e5 10. a3 b6 11. b4 Nf8 12. bxc5 Ne6 13. cxb6 axb6 14. Ne2 f5 15. Qb4 c5 16. Qb2 O-O 17. Rab1 fxe4 18. dxe4 Nd4 19. Bxd4 cxd4 20. Qxb6 Qe8 21. Qc5 Bg4 22. Qc4+ Kh8 23. Qd3 Qe7 24. Rb3 Be6 25. Rb4 Ra7 26. Nd2 Rfa8 27. Nb3 Rxa3 28. Rb6 Rc8 29. Rb1 Ra2 30. Rc1 Bc4 31. Qf3 Rf8 32. Qg4 h5 33. Qxg6 Bxe2 34. Re1 Bc4 35. Qxh5+ Kg8 36. Qd1 Qc7 37. Rg6 Qf7 38. Rg3 Qxf2+ 39. Kh1 Qxe1+ 40. Qxe1 Rf1+ 41. Qxf1 Bxf1 42. Nc5 Rxc2 43. Ne6 Bc4 44. Rxg7+ Kh8 45. Kg1 Bxe6 46. Rg5 d3 0-1

[Event "XLV Badalona Open 2019"]
[Site "Badalona"]
[Date "2019.08.10"]
[Round "9.2"]
[White "Mascaro March, Pedro"]
[Black "Sturt, Raven"]
[Result "1-0"]
[ECO "A48"]
[WhiteElo "2376"]
[BlackElo "2429"]
[Annotator "NA"]
[PlyCount "97"]
[EventDate "2019.08.02"]
[EventType "swiss"]
[EventCountry "ESP"]
[SourceTitle "playchess.com"]
[Source "ChessBase"]
[SourceQuality "1"]
[TimeControl "5400+30"]

1. d4 Nf6 2. Nf3 g6 3. Bg5 Bg7 4. Nbd2 d6 5. c3 h6 6. Bh4 O-O 7. e4 Nh5 8. Bc4 Qe8 9. O-O Nc6 10. Re1 e5 11. dxe5 dxe5 12. a4 Kh8 13. Qc2 Bd7 14. b4 Ne7 15. a5 g5 16. Bg3 Ng6 17. Nf1 Bf6 18. Ne3 g4 19. Nd2 Nhf4 20. f3 gxf3 21. Nxf3 Rg8 22. Qb3 Be6 23. Bxe6 fxe6 24. Kh1 h5 25. Rad1 Rg7 26. Rd2 h4 27. Bf2 Qf7 28. h3 Be7 29. Qd1 Rag8 30. Ng4 Nxg2 31. Kxg2 Nf4+ 32. Kh1 Nxh3 33. Nfh2 Qh5 34. Be3 Bg5 35. Bxg5 Qxg5 36. Qe2 Rf8 37. Qe3 Nf4 38. Red1 Rff7 39. Rg1 Qh5 40. Nf3 Rf8 41. Nfxe5 Ng6 42. Nxg6+ Rxg6 43. Qd4+ Rg7 44. Qe5 Qg6 45. Rdg2 Rf3 46. Kh2 Rd3 47. Nf2 Rg3 48. Rxg3 hxg3+ 49. Rxg3 1-0

[Event "XLV Badalona Open 2019"]
[Site "Badalona"]
[Date "2019.08.10"]
[Round "9.3"]
[White "Lorenzo De La Riva, Lazaro"]
[Black "Berdayes Ason, Dylan Isidro"]
[Result "1-0"]
[ECO "B66"]
[WhiteElo "2373"]
[BlackElo "2461"]
[Annotator "ChessBase"]
[PlyCount "71"]
[EventDate "2019.08.02"]
[EventType "swiss"]
[EventCountry "ESP"]
[SourceTitle "playchess.com"]
[Source "ChessBase"]
[SourceQuality "1"]
[TimeControl "5400+30"]

1. e4 c5 2. Nf3 d6 3. d4 cxd4 4. Nxd4 Nf6 5. Nc3 Nc6 6. Bg5 e6 7. Qd2 a6 8. O-O-O h6 9. Nxc6 bxc6 10. Bf4 d5 11. Qe3 Bb4 12. Be2 O-O 13. e5 Nd7 14. Qg3 Qc7 15. Bxh6 Qxe5 16. f4 Qf6 17. Bg5 Qg6 18. h4 f6 19. h5 Qf7 20. Bh4 f5 21. h6 g6 22. h7+ Kh8 23. Bg5 Bb7 24. Rh6 Qg7 25. Rdh1 Bd6 26. Be7 Qxe7 27. Rxg6 Bxf4+ 28. Qxf4 Rf7 29. Qc7 Rxh7 30. Rxh7+ Kxh7 31. Rg3 Bc8 32. Qxc6 Rb8 33. Nxd5 Qf7 34. Qc3 e5 35. Rg5 Qe6 36. Rh5+ 1-0

[Event "XLV Badalona Open 2019"]
[Site "Badalona"]
[Date "2019.08.10"]
[Round "9.4"]
[White "Cruz, Filemon"]
[Black "Umetsubo, Cesar Hidemitsu"]
[Result "1/2-1/2"]
[ECO "D56"]
[WhiteElo "2304"]
[BlackElo "2406"]
[Annotator "NA"]
[PlyCount "26"]
[EventDate "2019.08.02"]
[EventType "swiss"]
[EventCountry "ESP"]
[SourceTitle "playchess.com"]
[Source "ChessBase"]
[SourceQuality "1"]
[TimeControl "5400+30"]

1. d4 d5 2. Nf3 Nf6 3. c4 e6 4. Nc3 Be7 5. Bg5 h6 6. Bh4 O-O 7. e3 Ne4 8. Bxe7 Qxe7 9. Qc2 Nxc3 10. Qxc3 dxc4 11. Bxc4 b6 12. O-O Bb7 13. Be2 Rc8 1/2-1/2

[Event "XLV Badalona Open 2019"]
[Site "Badalona"]
[Date "2019.08.10"]
[Round "9.5"]
[White "Lopez Gonzalez, Abel Fabian"]
[Black "Perpinya Rofes, Lluis Maria"]
[Result "1-0"]
[ECO "B56"]
[WhiteElo "2355"]
[BlackElo "2319"]
[Annotator "NA"]
[PlyCount "59"]
[EventDate "2019.08.02"]
[EventType "swiss"]
[EventCountry "ESP"]
[SourceTitle "playchess.com"]
[Source "ChessBase"]
[SourceQuality "1"]
[TimeControl "5400+30"]

1. e4 c5 2. Nf3 Nc6 3. d4 cxd4 4. Nxd4 Nf6 5. Nc3 d6 6. f3 Nxd4 7. Qxd4 g6 8. Bg5 Bg7 9. O-O-O O-O 10. Qb4 a5 11. Qa3 Be6 12. e5 Ne8 13. f4 f6 14. exf6 Nxf6 15. Re1 Bf7 16. Bd3 Rc8 17. Re2 Qb6 18. Rxe7 Rfe8 19. Rxe8+ Rxe8 20. f5 gxf5 21. Rd1 Kh8 22. Bxf5 Qf2 23. g4 h6 24. Bd2 d5 25. Nb5 Ne4 26. Be3 Qe2 27. Nd4 Qxh2 28. Bd7 Rf8 29. Nf5 Qc7 30. Bd4 1-0

[Event "XLV Badalona Open 2019"]
[Site "Badalona"]
[Date "2019.08.10"]
[Round "9.6"]
[White "Gelas, Christophe"]
[Black "Oliva Castaneda, Kevel"]
[Result "1/2-1/2"]
[ECO "E59"]
[WhiteElo "2317"]
[BlackElo "2467"]
[Annotator "ChessBase"]
[PlyCount "79"]
[EventDate "2019.08.02"]
[EventType "swiss"]
[EventCountry "ESP"]
[SourceTitle "playchess.com"]
[Source "ChessBase"]
[SourceQuality "1"]
[TimeControl "5400+30"]

1. d4 Nf6 2. c4 e6 3. Nc3 Bb4 4. e3 O-O 5. Bd3 d5 6. Nf3 c5 7. O-O Nc6 8. a3 Bxc3 9. bxc3 dxc4 10. Bxc4 Qc7 11. Qe2 e5 12. d5 e4 13. dxc6 exf3 14. Qxf3 Bg4 15. Qg3 Qxc6 16. f3 Be6 17. Bxe6 Qxe6 18. e4 Rfd8 19. Bg5 h6 20. Bxf6 Qxf6 21. f4 Rd2 22. Qe3 Rad8 23. Qxc5 Qg6 24. Rf2 Qxe4 25. Qxa7 Rd1+ 26. Rxd1 Rxd1+ 27. Rf1 Rd2 28. Rf2 Kh7 29. h3 Rd1+ 30. Rf1 Rd3 31. Qc5 Rd2 32. Rf2 Rd5 33. Qb6 h5 34. Kh2 Rd1 35. Qb5 g6 36. Qe2 Qd5 37. Qf3 Qd7 38. f5 Qc7+ 39. g3 Rd7 40. fxg6+ 1/2-1/2

[Event "XLV Badalona Open 2019"]
[Site "Badalona"]
[Date "2019.08.10"]
[Round "9.7"]
[White "Corrales Jimenez, Zenia"]
[Black "Munoz, Miguel"]
[Result "0-1"]
[ECO "B01"]
[WhiteElo "2212"]
[BlackElo "2511"]
[Annotator "ChessBase"]
[PlyCount "100"]
[EventDate "2019.08.02"]
[EventType "swiss"]
[EventCountry "ESP"]
[SourceTitle "playchess.com"]
[Source "ChessBase"]
[SourceQuality "1"]
[TimeControl "5400+30"]

1. e4 d5 2. exd5 Qxd5 3. Nc3 Qa5 4. d4 Nf6 5. Nf3 Bg4 6. h3 Bxf3 7. Qxf3 c6 8. Bd2 Nbd7 9. O-O-O e6 10. Kb1 Bb4 11. g4 Bxc3 12. Qxc3 Qxc3 13. Bxc3 h5 14. Bg2 O-O-O 15. g5 Nd5 16. Bd2 N7b6 17. b3 Ne7 18. Bc3 Nf5 19. Bb2 Nd5 20. Be4 Rd7 21. Bxf5 exf5 22. Rde1 Rhd8 23. Re5 g6 24. h4 Nf4 25. b4 Rd5 26. Re7 R5d7 27. Re5 Rd6 28. Re7 Nd5 29. Rxf7 Nxb4 30. Re1 Nd5 31. c4 Nf4 32. d5 Ng2 33. Ree7 R6d7 34. Be5 cxd5 35. c5 d4 36. Rxd7 Rxd7 37. Rf8+ Rd8 38. Rf7 Rd5 39. Bd6 b6 40. Rxa7 bxc5 41. Be7 Nxh4 42. Ra6 Kd7 43. Bf8 c4 44. Bg7 f4 45. Rf6 d3 46. Kc1 c3 47. Rf7+ Ke6 48. Rc7 c2 49. Bc3 Nf3 50. Rc4 Rxg5 0-1

[Event "XLV Badalona Open 2019"]
[Site "Badalona"]
[Date "2019.08.10"]
[Round "9.8"]
[White "Bru Rullo, Samuel"]
[Black "Bedoya Rosales, Luis"]
[Result "1/2-1/2"]
[ECO "E71"]
[WhiteElo "1867"]
[BlackElo "1924"]
[Annotator "NA"]
[PlyCount "36"]
[EventDate "2019.08.02"]
[EventType "swiss"]
[EventCountry "ESP"]
[SourceTitle "playchess.com"]
[Source "ChessBase"]
[SourceQuality "1"]
[TimeControl "5400+30"]

1. d4 g6 2. c4 Bg7 3. Nc3 Nf6 4. e4 d6 5. h3 O-O 6. Nf3 Na6 7. Be3 c5 8. d5 e6 9. Bd3 exd5 10. exd5 Re8 11. O-O Nc7 12. Qd2 a6 13. a4 b6 14. Rfe1 Rb8 15. Bh6 Bd7 16. Bxg7 Kxg7 17. Rxe8 Qxe8 18. Re1 Qd8 1/2-1/2

[Event "XLV Badalona Open 2019"]
[Site "Badalona"]
[Date "2019.08.10"]
[Round "9.9"]
[White "Lozano Ruiz, David"]
[Black "Malonda Rey, Albert"]
[Result "0-1"]
[ECO "E85"]
[WhiteElo "1882"]
[BlackElo "1758"]
[Annotator "NA"]
[PlyCount "35"]
[EventDate "2019.08.02"]
[EventType "swiss"]
[EventCountry "ESP"]
[SourceTitle "playchess.com"]
[Source "ChessBase"]
[SourceQuality "1"]
[TimeControl "5400+30"]

1. d4 Nf6 2. c4 g6 3. Nc3 Bg7 4. e4 d6 5. f3 O-O 6. Be3 e5 7. Nge2 a5 8. Qd2 Be6 9. d5 Bd7 10. g4 h5 11. h3 Na6 12. Bg5 Qb8 13. Ng3 Nh7 14. gxh5 Nxg5 15. Qxg5 Qd8 16. Qxd8 Raxd8 17. O-O-O Bh6+ 18. Kb1 0-1

[Event "XLV Badalona Open 2019"]
[Site "Badalona"]
[Date "2019.08.10"]
[Round "9.10"]
[White "Walter Travella, German"]
[Black "Jimenez Molina, Victor"]
[Result "1/2-1/2"]
[ECO "B42"]
[WhiteElo "1940"]
[BlackElo "1592"]
[Annotator "NA"]
[PlyCount "92"]
[EventDate "2019.08.02"]
[EventType "swiss"]
[EventCountry "ESP"]
[SourceTitle "playchess.com"]
[Source "ChessBase"]
[SourceQuality "1"]
[TimeControl "5400+30"]

1. e4 e6 2. d4 c5 3. Nf3 cxd4 4. Nxd4 a6 5. Bd3 Qc7 6. Be3 Nf6 7. Qd2 Ng4 8. Bf4 e5 9. Bg3 d6 10. Nf3 Nc6 11. c3 Be7 12. Na3 O-O 13. Nc2 Qb6 14. h3 Nf6 15. Ne3 Be6 16. Bh4 Rad8 17. Bxf6 Bxf6 18. Nd5 Bxd5 19. exd5 Ne7 20. Be4 Ng6 21. g3 Ne7 22. g4 g6 23. O-O-O Bg7 24. Rdg1 Rc8 25. h4 Rc4 26. Bc2 Qc5 27. Bb3 Rf4 28. Rg3 f5 29. g5 b5 30. Kb1 a5 31. a3 b4 32. cxb4 axb4 33. Rc1 Qa5 34. axb4 Qxb4 35. Qxb4 Rxb4 36. Nd2 Rfb8 37. Rc7 Kf8 38. Rgc3 Rxh4 39. Rd7 Rd4 40. Kc2 Nxd5 41. Bxd5 Rxd5 42. b4 e4 43. Rcc7 Be5 44. Nc4 Re8 45. Nxe5 Rdxe5 46. Rf7+ Kg8 1/2-1/2